 Dungeon Crawl Stone Soup version 0.30.0 (webtiles) character file.

Game seed: 3892836831758521034

156779 SeerSkye the Warrior (level 17, -2/256 HPs)
             Began as a Hill Orc Berserker on May 6, 2023.
             Was a High Priest of Trog.
             Slain by a naga ritualist
             ... wielding a +0 glaive
              (30 damage)
             ... on level 4 of the Snake Pit.
             The game lasted 01:19:01 (27933 turns).

SeerSkye the Warrior (Hill Orc Berserker)          Turns: 27933, Time: 01:19:01

Health: -2/256     AC: 30    Str: 28    XL:     17   Next: 68%
Magic:  5/5        EV:  9    Int:  7    God:    Trog [*****.]
Gold:   2008       SH:  5    Dex:  7    Spells: 16/16 levels left

rFire   + + +        T - +9 battleaxe (antimagic)
rCold   + . .        (shield currently unavailable)
rNeg    . . .        S - +6 plate armour {rC+}
rPois   +            y - +0 helmet
rElec   .            k - +0 cloak
rCorr   +            Q - +0 pair of gloves of the Sacrificial Victim {Regen+}
SInv    .            g - +0 pair of boots "Ewozof" {Drain rF+++ rCorr Dex-3}
Will    +++..        N - amulet of reflection Stlth
                     H - ring of poison resistance
HPRegen 2.42/turn    s - +4 ring of slaying
MPRegen 0.09/turn

%: reflection
@: berserking (expiring), lethally poisoned (-2 -> -2), weakened, strong-willed,
regenerating, very quick
A: no striking features
a: Renounce Religion, Berserk, Trog's Hand, Brothers in Arms


You were on level 4 of the Snake Pit.
You worshipped Trog.
Trog was extremely pleased with you.
You visited 5 branches of the dungeon, and saw 27 of its levels.
You also visited: Ossuary and Gauntlet.

You collected 2609 gold pieces.
You spent 601 gold pieces at shops.

Inventory:

Hand Weapons
 I - a +3 battleaxe of flaming
 T - a +9 antimagic battleaxe (weapon)
 X - a +2 battleaxe of electrocution
Missiles
 D - 56 poisoned darts
 M - a throwing net
 R - 7 silver javelins (quivered)
 Y - 4 datura-tipped darts
Armour
 g - the +0 pair of boots "Ewozof" (worn) {Drain rF+++ rCorr Dex-3}
   (You found it on level 12 of the Dungeon)

   Dex:       It affects your dexterity (-3).
   rF:        It renders you almost immune to fire.
   rCorr:     It protects you from acid and corrosion.
   Drain:     It drains your maximum health when unequipped.
 k - a +0 cloak (worn)
 y - a +0 helmet (worn)
 Q - the +0 pair of gloves of the Sacrificial Victim (worn) {Regen+}
   (You found it in a Gauntlet)

   Regen:     It increases your rate of health regeneration.
 S - a +6 plate armour of cold resistance (worn)
Jewellery
 o - a ring of see invisible
 q - a ring of positive energy
 s - a +4 ring of slaying (right hand)
 t - an amulet of regeneration
 u - a ring of protection from fire
 z - a ring of fire
 F - an amulet of magic regeneration
 H - a ring of poison resistance (left hand)
 N - an amulet of reflection (around neck)
 W - a ring of protection from fire
Wands
 j - a wand of flame (51)
 l - a wand of digging (4)
 v - a wand of polymorph (6)
 w - a wand of mindburst (15)
 C - a wand of light (2)
 E - a wand of paralysis (11)
 O - a wand of roots (7)
Scrolls
 b - 4 scrolls of vulnerability
 e - 4 scrolls of enchant weapon
 f - 14 scrolls of teleportation
 h - 4 scrolls of magic mapping
 i - 5 scrolls of blinking
 x - 2 scrolls of brand weapon
 B - 4 scrolls of fog
 G - 4 scrolls of immolation
 J - 2 scrolls of silence
 L - 2 scrolls of poison
 U - 5 scrolls of identify {@r1}
 Z - a scroll of summoning
Potions
 a - 3 potions of haste
 c - a potion of resistance
 d - 5 potions of lignification
 m - 7 potions of mutation
 n - a potion of cancellation
 p - 3 potions of attraction
 r - 17 potions of curing {@q1}
 A - 6 potions of flight
 K - a potion of ambrosia
 P - a potion of heal wounds {@q2}
Miscellaneous
 V - a lightning rod (4/4)


   Skills:
 + Level 20.5 Fighting
 - Level 20.0 Axes
 * Level 2.0 Throwing
 + Level 15.9 Armour
 - Level 4.3 Dodging
 - Level 15.3 Evocations


You had 16 spell levels left.
You didn't know any spells.
Your spell library was empty.

Dungeon Overview and Level Annotations

Branches:
Dungeon (15/15) Zot: 25134  Temple (1/1) D:4 Zot: 5994    Lair (5/5) D:8 Zot: 24422
  Swamp (0/4) Lair:2        Snake (4/4) Lair:3 Zot: 20251   Slime (0/5) Lair:5
    Orc (2/2) D:12 Zot: 10848     Elf (0/3) Orc:2        Vaults (0/5) D:13
 Depths (0/4) D:15        Ossuary (visited)         Gauntlet (visited)

Altars:
Ashenzari
Cheibriados
Dithmenos
Elyvilon
Fedhas
Gozag
Hepliaklqana
Kikubaaqudgha
Makhleb
Nemelex Xobeh
Okawaru
Qazlal
Ru
Sif Muna
Trog
Uskayaw
Vehumet
Wu Jian
Xom
Yredelemnul
Zin
The Shining One
Jiyva

Shops:
D:13 ?   Orc:2 =[*:   Snake:2 (?   Snake:4 *

Annotations:
Snake:4 2 exclusions


Message History

The anaconda constricts you.
You miss the anaconda.
The anaconda is severely wounded.
The anaconda bites you.
* * * LOW HITPOINT WARNING * * *
The anaconda constricts you.
* * * LOW HITPOINT WARNING * * *
You miss the anaconda.
The anaconda is severely wounded.
The anaconda bites you but does no damage.
The anaconda constricts you.
The naga ritualist prays to its god.
The naga ritualist begins to radiate toxic energy.
You are more poisoned.
Unknown command.
Unknown command.
You barely miss the anaconda.
The anaconda is severely wounded.
You feel sick.
The anaconda bites you but does no damage.
The anaconda constricts you. You block the naga ritualist's attack.
The anaconda bites you.
* * * LOW HITPOINT WARNING * * *
The anaconda constricts you.
You barely miss the anaconda.
The anaconda is severely wounded.
* * * LOW HITPOINT WARNING * * *
The anaconda bites you!
* * * LOW HITPOINT WARNING * * *
The anaconda constricts you.
* * * LOW HITPOINT WARNING * * *
The naga ritualist hits you from afar with a +0 glaive!
* * * LOW HITPOINT WARNING * * *
You cut the anaconda into ribbons!!!
You kill the anaconda!
Trog accepts your kill.
You feel sick.
A naga warrior comes into view. It is wielding a +0 war axe.
The naga ritualist hits you from afar with a +0 glaive!!
You die...

#*,*,,,#......# #.# #...#.### #
#*,*,,,#...##.###.#####.#.....# #
#*,**,*#.......##...........^.# #
*,**,*#.......######.........###
**,**,.........# ####...##...)..#
*,,**#..###.##.# #....####....)..
*,***...* #.##.# #.#### #####...
#,**,,,.###....###.### #....
,,*,,,,......NNS@....# #...)
**,,,**....N#######..# #..).
*,,,,**.....,,,,,,*#.# ####.
*,,,,**#...,,,,,,,,*.# ##
,,,,,,*###*****,,,,*.# #
..,,***,,,,,,,,,,,**,# #
..***,,,,,,,,,,,****,* #
..**,,,,,******** *,** #
.,**,,,,***,,,,,****,,**********#


You could see a naga warrior, a salamander (strong), an anaconda and a naga
ritualist (fast, strong, toxic aura).

Vanquished Creatures
  Vashnia (Snake:2)
  Rupert (Orc:2)
  Kirke (D:13)
  Agnes (D:14)
  3 nagarajas
  Louise (Snake:2)
  Aizul (Snake:2)
  A minotaur (Gauntlet)
  The ghost of meatpath the Fighter, a journeyman MiBe of Trog (D:12)
  A fire dragon (Lair:5)
  Josephine (D:14)
  12 hydras
  A salamander tyrant (Snake:4)
  Harold (D:10)
  2 ogre magi (D:15)
  2 catoblepae (Lair:4)
  Erica (Lair:1)
  A death knight (D:9)
  A boulder beetle (D:9)
  6 anacondas
  2 centaur warriors
  14 two-headed ogres
  3 tengu warriors
  13 naga warriors
  An orc high priest (Orc:2)
  4 shock serpents
  Nergalle (D:12)
  8 naga sharpshooters
  A soul eater (Gauntlet)
  2 skysharks (Lair:4)
  Amaemon (Lair:1)
  2 salamander mystics
  5 sea snakes (Snake:3)
  6 naga ritualists
  4 skeletal warriors (D:13)
  A lindwurm (Lair:5)
  A steelbarb worm (shapeshifter) (D:9)
  3 necromancers
  2 wizards
  2 deep elf zephyrmancers
  An orc knight (Orc:2)
  12 ugly things
  A deep elf pyromancer (D:15)
  2 orc sorcerers
  15 mana vipers
  A manticore (D:14)
  3 cyclopes
  9 salamanders
  A moth of wrath (Gauntlet)
  2 molten gargoyles (Lair:5)
  35 black mambas
  2 gargoyles
  10 naga magi
  3 centaur skeletons (D:15)
  3 guardian serpents
  An orange demon (Lair:1)
  A cane toad (shapeshifter) (D:15)
  7 cane toads
  An unseen horror (D:7)
  3 kobold demonologists
  16 komodo dragons
  7 freezing wraiths
  A komodo dragon (shapeshifter) (D:9)
  An efreet (D:14)
  A rime drake (Lair:5)
  2 ice devils (Lair:5)
  6 trolls
  A queen bee (shapeshifter) (D:13)
  A wolf spider simulacrum (D:15)
  2 polar bears
  18 blink frogs
  6 dream sheep (Lair:2)
  4 wraiths
  3 wyverns
  8 slime creatures
  A yak (shapeshifter) (D:9)
  73 yaks
  A fire bat (shapeshifter) (D:13)
  5 hogs (D:13)
  2 humans (D:9)
  9 basilisks
  5 steam dragons
  5 vampire mosquitoes
  A warg (Orc:1)
  A swamp worm (Lair:2)
  35 nagas
  4 hell hounds (Lair:5)
  3 acid dragons
  11 water moccasins
  Duvessa (D:4)
  2 sky beasts
  3 black bears
  28 orc warriors
  2 ice beasts
  7 ogres
  38 wolves
  14 centaurs
  A phantom (D:5)
  5 kobold brigands
  3 elf zombies (Ossuary)
  13 bullfrogs
  A scorpion (D:3)
  A wight (D:7)
  Dowan (D:4)
  12 killer bees
  5 howler monkeys
  4 lava snakes (Lair:5)
  A centaur zombie (Ossuary)
  An iron imp (D:9)
  3 human zombies (Ossuary)
  2 gnoll boudas
  13 orc priests
  5 hounds
  2 jellies
  A sleepcap (D:7)
  4 iguanas
  24 orc wizards
  3 mummies (Ossuary)
  3 adders
  24 gnolls
  5 shadow imps
  2 white imps
  5 adder zombies (Ossuary)
  2 worms
  54 orcs
  5 ball pythons
  4 bats
  9 endoplasms
  14 giant cockroaches
  A gnoll zombie (Ossuary)
  11 goblins
  3 hobgoblins
  8 jackals
  A quokka (D:4)
  4 frilled lizards
  5 goblin zombies (Ossuary)
  2 hobgoblin zombies (Ossuary)
  5 jackal zombies (Ossuary)
  24 kobolds
  2 kobold zombies (Ossuary)
  2 orc zombies (Ossuary)
  2 quokka zombies (Ossuary)
  9 rats
  5 rat zombies (Ossuary)
873 creatures vanquished.

Vanquished Creatures (collateral kills)
  A naga mage (Snake:2)
  2 yaks (Lair:1)
3 creatures vanquished.

Vanquished Creatures (others)
  A naga mage (Snake:2)
  A naga (Snake:2)
  An orc warrior (D:9)
  A bullfrog (D:9)
  A howler monkey (D:9)
  32 fungi
  84 plants
121 creatures vanquished.

Grand Total: 997 creatures vanquished

Notes
Turn   | Place    | Note
-------+----------+-------------------------------------------
     0 | D:1      | SeerSkye the Hill Orc Berserker began the quest for the
                  | Orb.
     0 | D:1      | Reached XP level 1. HP: 19/19 MP: 1/1
    77 | D:1      | You fall into a shaft and drop 1 floor!
   286 | D:1      | Reached XP level 2. HP: 25/27 MP: 2/2
   677 | D:1      | Reached skill level 5 in Axes
   843 | D:1      | Reached XP level 3. HP: 33/33 MP: 3/3
  1713 | D:2      | Reached ** piety under Trog
  1886 | D:2      | Reached XP level 4. HP: 41/41 MP: 4/4
  2408 | D:3      | Found a transporter.
  2429 | D:3      | Found a transporter.
  2583 | D:3      | Noticed a scorpion
  2593 | D:3      | Killed a scorpion
  2594 | D:3      | Reached skill level 5 in Fighting
  2594 | D:3      | Reached XP level 5. HP: 48/48 MP: 5/5
  2632 | D:3      | Found a radiant altar of Vehumet.
  2677 | D:3      | Found a shadowy altar of Dithmenos.
  2733 | D:3      | Found a glowing golden altar of the Shining One.
  2785 | D:3      | Found a sacrificial altar of Ru.
  3245 | D:3      | Reached XP level 6. HP: 56/56 MP: 6/6
  3341 | D:4      | Identified the +1 leather armour "Biceeq" {rF- Str+3 Int+4}
  3461 | D:4      | Found a staircase to the Ecumenical Temple.
  3470 | Temple   | Entered the Ecumenical Temple
  3668 | D:4      | Noticed Duvessa
  3682 | D:4      | Noticed Dowan
  3688 | D:4      | Killed Duvessa
  3753 | D:5      | Entered Level 5 of the Dungeon
  3756 | D:5      | Found a sand-covered staircase.
  3763 | Ossuary  | Entered an ossuary
  3805 | Ossuary  | Reached *** piety under Trog
  3848 | Ossuary  | Reached XP level 7. HP: 63/63 MP: 7/7
  4165 | D:5      | Noticed a +0 spear
  4165 | D:5      | Noticed a +0 spear
  4166 | D:5      | Noticed a +0 falchion
  4166 | D:5      | Noticed a +0 dagger
  4168 | D:5      | Noticed a +0 falchion
  4168 | D:5      | Noticed a +0 short sword
  4168 | D:5      | Noticed a +0 short sword
  4170 | D:5      | Noticed a +0 dagger
  4175 | D:5      | Found a hide-covered altar of Uskayaw.
  4240 | D:5      | Reached skill level 10 in Axes
  4269 | D:5      | Reached XP level 8. HP: 73/73 MP: 8/8
  4370 | D:5      | Noticed a yak
  4370 | D:5      | Noticed a yak
  4370 | D:5      | Noticed a yak
  4370 | D:5      | Noticed a yak
  4370 | D:5      | Noticed a yak
  4371 | D:5      | Noticed a yak
  4375 | D:5      | Killed a yak
  4383 | D:5      | Killed a yak
  4394 | D:5      | Killed a yak
  4416 | D:5      | Killed a yak
  4425 | D:5      | Killed a yak
  4436 | D:5      | Killed a yak
  4437 | D:5      | Reached XP level 9. HP: 41/82 MP: 9/9
  4989 | D:4      | Killed Dowan
  5013 | D:4      | Found a basalt altar of Yredelemnul.
  5064 | D:4      | Found a white marble altar of Elyvilon.
  5230 | D:6      | Found a broken altar of Ashenzari.
  5388 | D:6      | Reached **** piety under Trog
  5970 | D:7      | Found a blossoming altar of Fedhas.
  5987 | D:7      | Found a shimmering blue altar of Sif Muna.
  6013 | D:7      | Reached skill level 10 in Fighting
  6264 | D:7      | Reached XP level 10. HP: 87/94 MP: 10/10
  6439 | D:7      | Reached skill level 5 in Armour
  6465 | D:7      | Noticed a two-headed ogre
  6730 | D:7      | Found a sparkling altar of Nemelex Xobeh.
  6795 | D:7      | Found a hazy altar of Hepliaklqana.
  7261 | D:7      | Killed a two-headed ogre
  7511 | D:7      | Identified the +7 falchion of Dividends {antimagic, Int+3
                  | Stlth+}
  7563 | D:7      | Killed an unseen horror
  7712 | D:7      | Noticed a green ugly thing
  7728 | D:7      | Killed a green ugly thing
  7817 | D:7      | Noticed a two-headed ogre
  7826 | D:7      | Killed a two-headed ogre
  7827 | D:7      | Reached XP level 11. HP: 107/107 MP: 11/11
  8315 | D:8      | Found an opulent altar of Gozag.
  8459 | D:8      | Found a staircase to the Lair.
  8491 | D:8      | Found an ornate altar of the Wu Jian Council.
  8912 | D:9      | Found a shimmering altar of Xom.
  9335 | D:9      | Found a burning altar of Makhleb.
  9418 | D:9      | Found a snail-covered altar of Cheibriados.
  9460 | D:9      | Found an iron altar of Okawaru.
  9691 | D:9      | Found a stormy altar of Qazlal.
  9903 | D:9      | Reached ***** piety under Trog
  9966 | D:9      | Found a glowing silver altar of Zin.
 10133 | D:9      | Noticed a death knight
 10160 | D:9      | Killed a death knight
 10161 | D:9      | Reached skill level 10 in Armour
 10367 | D:9      | Noticed a centaur warrior
 10375 | D:9      | Killed a centaur warrior
 10413 | D:9      | Noticed a cyclops
 10428 | D:9      | Killed a cyclops
 10467 | D:9      | Noticed a faun
 10666 | Lair:1   | Entered Level 1 of the Lair of Beasts
 10720 | Lair:1   | Noticed Amaemon
 10722 | Lair:1   | Reached skill level 15 in Axes
 10732 | Lair:1   | Reached XP level 12. HP: 117/118 MP: 12/12
 10735 | Lair:1   | Killed Amaemon
 10759 | Lair:1   | Noticed Erica
 10769 | Lair:1   | Reached skill level 15 in Fighting
 10794 | Lair:1   | Killed Erica
 12261 | Lair:2   | Received a gift from Trog
 12305 | Lair:2   | Noticed an eight-headed hydra
 12309 | Lair:2   | Noticed a seven-headed hydra
 12312 | Lair:2   | Killed a six-headed hydra
 12313 | Lair:2   | Reached skill level 1 in Evocations
 12313 | Lair:2   | Reached XP level 13. HP: 128/128 MP: 13/13
 12369 | Lair:2   | Found a staircase to the Swamp.
 12649 | Lair:3   | Found a staircase to the Snake Pit.
 14650 | Lair:4   | Reached skill level 5 in Evocations
 14753 | Lair:5   | Entered Level 5 of the Lair of Beasts
 14761 | Lair:5   | Found a viscous altar of Jiyva.
 14762 | Lair:5   | Found a staircase to the Slime Pits.
 14811 | Lair:5   | Received a gift from Trog
 15067 | Lair:5   | Reached XP level 14. HP: 105/138 MP: 14/14
 15393 | Lair:5   | Found a large runed translucent door.
 15405 | Lair:5   | Found a large runed translucent door.
 16618 | D:10     | Entered Level 10 of the Dungeon
 16872 | D:10     | Noticed Harold
 16887 | D:10     | Killed Harold
 17043 | D:10     | Found an ancient bone altar of Kikubaaqudgha.
 17825 | D:11     | Found a gate leading to a gauntlet.
 17832 | Gauntlet | Entered a Gauntlet
 17832 | Gauntlet | Found a transporter.
 17832 | Gauntlet | Found a transporter.
 17832 | Gauntlet | Found a transporter.
 17833 | Gauntlet | Found a transporter.
 17836 | Gauntlet | Found a transporter.
 17838 | Gauntlet | Found a large runed translucent door.
 17839 | Gauntlet | Found a large runed translucent door.
 17840 | Gauntlet | Found a large runed translucent door.
 17840 | Gauntlet | Found a large runed translucent door.
 17840 | Gauntlet | Found a runed translucent door.
 17841 | Gauntlet | Found a large runed translucent door.
 17842 | Gauntlet | Found a large runed translucent door.
 17843 | Gauntlet | Found a large runed translucent door.
 17843 | Gauntlet | Found a large runed translucent door.
 17844 | Gauntlet | Found a runed translucent gate.
 17846 | Gauntlet | Found a transporter.
 17911 | Gauntlet | Found a transporter.
 17926 | Gauntlet | Found a transporter.
 17936 | Gauntlet | Found a transporter.
 17952 | Gauntlet | Found a transporter.
 17961 | Gauntlet | Found a transporter.
 17963 | Gauntlet | Found a large runed translucent door.
 17964 | Gauntlet | Found a large runed translucent door.
 17965 | Gauntlet | Found a large runed translucent door.
 17965 | Gauntlet | Found a large runed translucent door.
 17966 | Gauntlet | Found a runed translucent gate.
 17967 | Gauntlet | Found a transporter.
 17967 | Gauntlet | Found a runed translucent gate.
 17980 | Gauntlet | Found a runed translucent door.
 17991 | Gauntlet | Found a large runed translucent door.
 17991 | Gauntlet | Found a large runed translucent door.
 17992 | Gauntlet | Found a large runed translucent door.
 17993 | Gauntlet | Found a large runed translucent door.
 18212 | Gauntlet | Identified the +0 pair of gloves of the Sacrificial Victim
                  | {Regen+}
 18277 | Gauntlet | Identified the staff of earth "Juemiuv" {Str+3}
 18277 | Gauntlet | Identified the +10 hand axe "Fexighur" {spect, Dex+2}
 19000 | D:12     | Found a runed translucent gate.
 19000 | D:12     | Found a runed translucent gate.
 19000 | D:12     | Found a runed translucent gate.
 19041 | D:12     | Received a gift from Trog
 19327 | D:12     | Noticed Nergalle
 19331 | D:12     | Killed Nergalle
 19349 | D:12     | Reached XP level 15. HP: 137/148 MP: 15/15
 19480 | D:12     | Found a staircase to the Orcish Mines.
 19632 | D:12     | Noticed meatpath's ghost (journeyman MiBe)
 19649 | D:12     | Killed meatpath's ghost
 19660 | D:12     | Identified the +0 pair of boots "Ewozof" {Drain rF+++ rCorr
                  | Dex-3}
 19765 | Orc:1    | Entered Level 1 of the Orcish Mines
 19932 | Orc:2    | Entered Level 2 of the Orcish Mines
 20302 | Orc:2    | Found a staircase to the Elven Halls.
 20574 | Orc:2    | Received a gift from Trog
 20612 | Orc:2    | Noticed Rupert
 20619 | Orc:2    | Paralysed by Rupert for 2 turns
 20622 | Orc:2    | Killed Rupert
 20634 | Orc:2    | Paralysed by an orc sorcerer for 2 turns
 20877 | Orc:2    | Found Pueggapigo's Assorted Antiques.
 20877 | Orc:2    | Found Gupaph's Armour Shop.
 20879 | Orc:2    | Found Otiquargh's Jewellery Boutique.
 20881 | Orc:2    | Found Tiudem's Book Emporium.
 20885 | Orc:2    | Bought a scroll of teleportation for 96 gold pieces
 20885 | Orc:2    | Bought a scroll of identify for 64 gold pieces
 20892 | Orc:2    | Bought a ring of see invisible for 195 gold pieces
 21033 | D:13     | Found a gate to the Vaults.
 21038 | D:13     | Reached skill level 10 in Evocations
 21115 | D:13     | Found Cumefanue's Magic Scroll Emporium.
 21124 | D:13     | Bought a scroll of teleportation for 54 gold pieces
 21124 | D:13     | Bought a scroll of teleportation for 54 gold pieces
 21124 | D:13     | Bought a scroll of identify for 36 gold pieces
 21124 | D:13     | Bought a scroll of identify for 36 gold pieces
 21124 | D:13     | Bought a scroll of identify for 36 gold pieces
 21126 | D:13     | Identified a scroll of acquirement
 21128 | D:13     | Acquired a +4 ring of slaying
 21238 | D:13     | Noticed Kirke
 21250 | D:13     | Killed Kirke
 21725 | D:14     | Noticed Agnes
 21730 | D:14     | Killed Agnes
 22121 | D:15     | Entered Level 15 of the Dungeon
 22531 | D:14     | Noticed Josephine
 22538 | D:14     | Killed Josephine
 22603 | D:14     | Found an opulent altar of Gozag.
 22740 | D:14     | Found a glowing golden altar of the Shining One.
 22740 | D:14     | Found a glowing silver altar of Zin.
 22740 | D:14     | Found a white marble altar of Elyvilon.
 22908 | D:15     | Reached XP level 16. HP: 159/159 MP: 16/16
 23008 | D:15     | Paralysed by an ogre mage for 4 turns
 23110 | D:15     | Found a staircase to the Depths.
 24067 | Snake:1  | Entered Level 1 of the Snake Pit
 24188 | Snake:1  | Received a gift from Trog
 24420 | Snake:1  | Identified the +1 ring mail of the Loofah {Int+6}
 25453 | Snake:2  | Found a broken altar of Ashenzari.
 25461 | Snake:2  | Found Demirgh's Magic Scroll Boutique.
 25461 | Snake:2  | Found Tebbia's Antique Weapon Shop.
 25478 | Snake:2  | Reached skill level 15 in Armour
 25559 | Snake:2  | Noticed a nagaraja
 25600 | Snake:2  | Killed a nagaraja
 25654 | Snake:2  | Noticed Louise
 25675 | Snake:2  | Killed Louise
 25691 | Snake:2  | Received a gift from Trog
 25694 | Snake:2  | Reached XP level 17. HP: 114/170 MP: 5/17
 25758 | Snake:2  | Noticed Vashnia
 25761 | Snake:2  | Noticed Aizul
 25801 | Snake:2  | Killed Vashnia
 25865 | Snake:2  | Killed Aizul
 26617 | Snake:3  | Reached skill level 15 in Evocations
 27326 | Snake:4  | Entered Level 4 of the Snake Pit
 27374 | Snake:4  | Reached skill level 1 in Throwing
 27777 | Snake:4  | Received a gift from Trog
 27779 | Snake:4  | Found Cihusk's Assorted Antiques.
 27797 | Snake:4  | Bought a scroll labelled HUIWNA LUAPH for 30 gold pieces
 27933 | Snake:4  | Slain by a naga ritualist

Illustrated notes

Levels and vault maps discovered:
D:1:      matt_arrival_grand_opening, layout_basic
D:2:      minmay_roachtagon, layout_loops_ring, serial_glass, glass_columns_c,
          glass_columns_b, glass_columns_a, glass_columns_a
D:3:      gammafunk_wand_slinger, layout_basic, lemuel_crystal_altar,
          vehumet_crystals, grunt_dithmenos_smoke_and_mirrors,
          nicolae_ru_sacrificial_ziggurat
D:4:      layout_cave_pools, kennysheep_ying_yang,
          minmay_temple_entry_nine_rooms, uniq_duvessa
D:5:      layout_gridville, nicolae_uskayaw_en_pointe,
          chequers_ossuary_entry_cave, dk_noncrumbling_3
D:6:      layout_basic, ashenzari_conservatory_becter
D:7:      layout_basic, mainiacjoe_overflow_surrounded_room,
          nemelex_spade_bored_becter, fedhas_altar_3,
          nicolae_hepliaklqana_hazy_memory, minmay_the_grid_2x2
          [minmay_the_grid_rooms, minmay_the_grid_tiny_cups,
          minmay_the_grid_box_x, minmay_the_grid_prize_inner_circle]
D:8:      layout_gridville, lemuel_coloured_pillars_altar,
          nicolae_wu_jian_glorious_leap, lair_entry_dummy,
          minmay_misc_feat_rugged, chequers_jeans, minmay_tree_intersection
D:9:      layout_small_grid, nicolae_qazlal_scattered_showers,
          mainiacjoe_overflow_brackets, okawaru_humans, slow_altar_1,
          zin_academy, xom_confusion_cloud, st_stairs_14, minmay_evil_grid
D:10:     layout_layer_cave, nicolae_overflow_crystal_walls, uniq_harold
D:11:     layout_irregular_city, gauntlet_entry_generic
D:12:     layout_cross, orc_0_dummy, gammafunk_ghost_spectres, uniq_nergalle
D:13:     layout_irregular_city, david_vaults_1, serial_shops,
          nicolae_lakefront_shop, uniq_kirke
D:14:     nicolae_cairo_tiling, layout_loops_corners, good_gods_mini_temple,
          grunt_gozag_statues, uniq_josephine, uniq_agnes
D:15:     grunt_enter_depths_magical_seal, layout_long_grid,
          columned_hall_lemuel
Temple:   ebering_the_one_and_only
Lair:1:   layout_chaotic_city, uniq_amaemon, uniq_erica
Lair:2:   layout_gridlike, palyth_hydra_swamp_entry
Lair:3:   layout_layer_cave, guppyfry_snake_entry_island
Lair:4:   layout_loops_ring, nicolae_volcano_entry_s_turn, grunt_megastairs_5,
          lemuel_fruit_fields, serial_bayou_shore_a
Lair:5:   cheibrodos_lair_end_hotspot, layout_regular_city, slime_entry_1,
          portal_ice_cave_demonic_guard
Snake:1:  layout_gridlike, special_room
Snake:2:  layout_grid_shapes, basic_altar, drop_trap, guppyfry_library_mini,
          minmay_shoptagon, uniq_vashnia, uniq_aizul, uniq_louise
Snake:3:  layout_basic, nicolae_snake_snake_lake, grunt_ministairs_3,
          nicolae_snake_coiling_death
Snake:4:  grunt_snake_rune_serpentine_throne, layout_misc_corridors,
          serial_shops, nicolae_shop_trees, nicolae_snake_flat_spine, drop_trap,
          nicolae_snake_gridmaze_zigzag
Orc:1:    layout_diamond_mine
Orc:2:    st_orc_rangers, layout_diamond_mine, statue_in_the_mist_lemuel,
          uniq_rupert

Skill      XL: |  1  2  3  4  5  6  7  8  9 10 11 12 13 14 15 16 17 |
---------------+----------------------------------------------------+-----
Fighting       | 4 5 6 7 8 10 13 14 16 17 18 19 20 | 20.5
Axes           | 5 6 7 8 10 12 14 15 18 20 | 20.0
Armour         | 4 8 10 12 13 15 | 15.9
Evocations     | 1 6 9 11 14 15 | 15.3
Dodging        | 2 4 |  4.3
Throwing       | 2 |  2.0

Action                     |  1- 3 |  4- 6 |  7- 9 | 10-12 | 13-15 | 16-18 || total
---------------------------+-------+-------+-------+-------+-------+-------++-------
  Melee: Hand axe          |   132 |   201 |   384 |   570 |       |       ||  1287
         Punch             |       |     3 |     6 |     5 |       |       ||    14
         Battleaxe         |       |       |       |   200 |   928 |   579 ||  1707
  Throw: Stone             |       |     3 |       |       |       |       ||     3
         Dart              |       |       |       |     4 |       |       ||     4
 Invoke: Berserk           |     1 |     2 |    11 |    17 |    12 |     9 ||    52
         Trog's Hand       |       |     1 |     2 |     7 |     8 |     8 ||    26
         Brothers in Arms  |       |       |       |     1 |       |     1 ||     2
  Evoke: Wand              |       |     9 |       |    11 |     2 |     1 ||    23
         Lightning rod     |       |       |       |       |     3 |       ||     3
    Use: Scroll            |       |     2 |     8 |    10 |    10 |     9 ||    39
         Potion            |       |     1 |       |     5 |     3 |     1 ||    10
   Stab: Invisible         |       |       |       |     5 |       |       ||     5
 Armour: Leather armour    |    26 |       |       |       |       |       ||    26
         Ring mail         |    12 |    74 |    53 |       |       |       ||   139
         Chain mail        |       |       |    52 |   324 |   224 |       ||   600
         Plate armour      |       |       |       |       |   290 |   250 ||   540
  Dodge: Dodged            |    78 |   100 |   130 |   260 |   318 |   173 ||  1059
  Block: Other             |       |       |       |       |   104 |   109 ||   213
         Reflection        |       |       |       |       |    20 |    11 ||    31
